[Event "ICC tourney 2564 (45 10)"]
[Site "Internet Chess Club"]
[Date "2021.05.15"]
[Round "4"]
[White "CHANDI, ISHNOOR SINGH:Ishnoor"]
[Black "MARKOVIC, GORAN:Goran21"]
[Result "0-1"]
[ICCResult "White checkmated"]
[WhiteElo "1641"]
[BlackElo "1995"]
[Opening "Sicilian: Alapin's variation (2.c3)"]
[ECO "B22"]
[NIC "SI.46"]
[Time "18:32:13"]
[PlyCount "66"]
[TimeControl "2700+10"]

1. e4 c5 2. c3 d6 3. d4 cxd4 4. cxd4 Nf6 5. Nc3 g6 6. Nf3 Bg7 7. Bc4 O-O 8.
O-O Nc6 9. Qe2 e5 10. d5 Ne7 11. Ne1 Nh5 12. f4 Nxf4 13. Bxf4 exf4 14. Rxf4
f5 15. Nd3 g5 16. Rf2 Bd4 17. e5 Kh8 18. Nb5 Bxf2+ 19. Kxf2 f4 20. Re1 Qb6+
21. Kf1 f3 22. Qd2 fxg2+ 23. Kxg2 Nf5 24. e6 Nh4+ 25. Kh1 Bxe6 26. dxe6
Qc6+ 27. Kg1 Nf3+ 28. Kf2 Nxd2+ 29. Ke2 Nxc4 30. Nd4 Qe4+ 31. Kd1 Qxd3+ 32.
Kc1 Qd2+ 33. Kb1 Qxb2# { White checkmated } 0-1

[Event "ICC tourney 2564 (45 10)"]
[Site "Internet Chess Club"]
[Date "2021.05.15"]
[Round "4"]
[White "ZHU, RYAN:Ryan123455"]
[Black "ATLURI, PRATHIK:ChessStar22"]
[Result "0-1"]
[ICCResult "White resigns"]
[WhiteElo "1657"]
[BlackElo "1403"]
[Opening "Caro-Kann: Tartakower (Nimzovich) variation"]
[ECO "B15"]
[NIC "CK.06"]
[Time "18:32:21"]
[PlyCount "54"]
[TimeControl "2700+10"]

1. e4 c6 2. d4 d5 3. Nc3 dxe4 4. Nxe4 Nf6 5. Nxf6+ exf6 6. c3 Be7 7. Bd3
Be6 8. Ne2 Nd7 9. O-O O-O 10. Qc2 g6 11. Bd2 Re8 12. f4 f5 13. c4 Nb6 14.
b3 Bf6 15. Bc3 a5 16. a4 Qc7 17. g3 Rad8 18. h4 h5 19. Bxa5 c5 20. d5 Bxa1
21. Rxa1 Bd7 22. Kg2 Qd6 23. Bc3 Nxd5 24. Bd2 Bc6 25. Kf2 Nf6 26. Nc1 Qd4+
27. Kf1 Ng4 { White resigns } 0-1

[Event "ICC tourney 2564 (45 10)"]
[Site "Internet Chess Club"]
[Date "2021.05.15"]
[Round "4"]
[White "JENSON, CHRIS:Gallifreyan"]
[Black "XIAO, MARINA:marinaxiao"]
[Result "1-0"]
[ICCResult "Black resigns"]
[WhiteElo "1628"]
[BlackElo "1547"]
[Opening "English opening"]
[ECO "A16"]
[NIC "EO.64"]
[Time "18:32:10"]
[PlyCount "63"]
[TimeControl "2700+10"]

1. c4 Nf6 2. Nc3 g6 3. g3 Bg7 4. Bg2 d6 5. e4 O-O 6. Nge2 e5 7. O-O Nc6 8.
d3 Nd7 9. Be3 Nb6 10. Qd2 f5 11. Nd5 Nxd5 12. cxd5 Ne7 13. Rac1 Bd7 14. Bg5
Bf6 15. Bxf6 Rxf6 16. f4 c6 17. fxe5 dxe5 18. Qc3 Qc7 19. d4 exd4 20. Qxd4
Qb6 21. e5 Qxd4+ 22. Nxd4 Rff8 23. e6 c5 24. Rxc5 Bxe6 25. Nxe6 Rfc8 26.
Rfc1 Rxc5 27. Rxc5 Rc8 28. d6 Rxc5 29. Nxc5 Nc6 30. Bxc6 bxc6 31. d7 Kf8
32. d8=Q+ { Black resigns } 1-0

[Event "ICC tourney 2564 (45 10)"]
[Site "Internet Chess Club"]
[Date "2021.05.15"]
[Round "4"]
[White "KERR, JOSHUA MORGAN:AbleCompany"]
[Black "ZHANG, SUNNY:AboardBuffalo"]
[Result "1-0"]
[ICCResult "Black resigns"]
[WhiteElo "1696"]
[BlackElo "1623"]
[Opening "King's Indian: fianchetto without c4"]
[ECO "A49"]
[NIC "QP.06"]
[Time "18:33:02"]
[PlyCount "95"]
[TimeControl "2700+10"]

1. d4 Nf6 2. Nf3 g6 3. g3 Bg7 4. Nc3 d5 5. Bg2 O-O 6. O-O c5 7. dxc5 Na6 8.
Be3 e6 9. Bd4 Qe7 10. Na4 Bd7 11. c3 Bxa4 12. Qxa4 Nxc5 13. Qb4 b6 14. Nd2
Qc7 15. f4 Rfc8 16. Rae1 a5 17. Qb5 Ne8 18. e4 Nd6 19. Qe2 dxe4 20. Bxg7
Kxg7 21. Nxe4 Ncxe4 22. Bxe4 Nxe4 23. Qxe4 Qc5+ 24. Kg2 Rd8 25. Rd1 Qh5 26.
Qf3 Qxf3+ 27. Kxf3 f5 28. Ke2 Kf7 29. Rxd8 Rxd8 30. Rd1 Rxd1 31. Kxd1 e5
32. fxe5 Ke6 33. Kd2 Kxe5 34. a4 Ke4 35. Ke2 g5 36. b4 axb4 37. cxb4 Kd4
38. a5 bxa5 39. bxa5 Kc5 40. Kd3 Kb5 41. Kd4 f4 42. gxf4 gxf4 43. Ke4 f3
44. Kxf3 Kxa5 45. Kg4 Kb6 46. Kh5 Kc6 47. Kh6 Kd6 48. Kxh7 { Black resigns
} 1-0

[Event "ICC tourney 2564 (45 10)"]
[Site "Internet Chess Club"]
[Date "2021.05.15"]
[Round "4"]
[White "YU, SICHENG:CheddarCheng1"]
[Black "WU, WENTAO:Threehundreds"]
[Result "1/2-1/2"]
[ICCResult "Game drawn by mutual agreement"]
[WhiteElo "1427"]
[BlackElo "1481"]
[Opening "Giuoco Piano"]
[ECO "C50"]
[NIC "IG.02"]
[Time "18:32:18"]
[PlyCount "91"]
[TimeControl "2700+10"]

1. e4 e5 2. Nf3 Nc6 3. Bc4 Bc5 4. O-O Nf6 5. d3 a6 6. c3 d6 7. h3 O-O 8.
Bg5 h6 9. Bh4 Na5 10. Bb3 Nxb3 11. axb3 Re8 12. b4 Bb6 13. Re1 c6 14. Nbd2
Qe7 15. d4 Bc7 16. Qc2 Bd8 17. Nc4 Qc7 18. dxe5 dxe5 19. Rad1 Nd7 20. Nd6
Re6 21. Bxd8 Qxd8 22. c4 Qe7 23. c5 Nf6 24. Re2 Ne8 25. Nf5 Qf6 26. Red2
Nc7 27. Rd8+ Re8 28. Rxe8+ Nxe8 29. Nd6 Bxh3 30. Qc3 Bg4 31. Nxe8 Rxe8 32.
Rd6 Qe7 33. Kh2 Bxf3 34. Qxf3 Rd8 35. Qd3 Qh4+ 36. Kg1 Rb8 37. Qc3 Qg5 38.
f3 Rd8 39. Kf2 Qh4+ 40. Ke2 Qg5 41. Rxd8+ Qxd8 42. Qxe5 a5 43. bxa5 Qxa5
44. Qb8+ Kh7 45. Qxb7 Qxc5 46. Qxf7 { Game drawn by mutual agreement }
1/2-1/2

[Event "ICC tourney 2564 (45 10)"]
[Site "Internet Chess Club"]
[Date "2021.05.15"]
[Round "4"]
[White "LIN, MICHAEL:loveEdinburgh"]
[Black "CHEN, HENRY:Bluebird1222"]
[Result "1-0"]
[ICCResult "Black checkmated"]
[WhiteElo "1792"]
[BlackElo "1683"]
[Opening "QGD Slav defense: exchange variation"]
[ECO "D10"]
[NIC "SL.01"]
[Time "18:32:15"]
[PlyCount "73"]
[TimeControl "2700+10"]

1. d4 d5 2. c4 c6 3. cxd5 cxd5 4. Bf4 Nf6 5. e3 a6 6. Nc3 Bf5 7. Qb3 Qd7 8.
Nf3 Nc6 9. Ne5 Nxe5 10. Bxe5 e6 11. Bxf6 gxf6 12. Be2 Bd6 13. h3 h5 14. g3
Ke7 15. Qd1 Bg6 16. Bd3 b5 17. a3 Rag8 18. Kd2 Bxd3 19. Kxd3 Qc7 20. Rc1
Qc4+ 21. Kd2 b4 22. Ne4 Qb5 23. Nxd6 Kxd6 24. Rc5 Qb6 25. Qa4 bxa3 26. Qxa3
Kd7 27. Rhc1 Rc8 28. Qa4+ Kd6 29. Rxc8 Rxc8 30. Rxc8 Qxb2+ 31. Rc2 Qb7 32.
Qa3+ Kd7 33. Qf8 Qb5 34. Qc8+ Ke7 35. Rc7+ Kd6 36. Qd8+ Qd7 37. Qxd7# {
Black checkmated } 1-0

[Event "ICC tourney 2564 (45 10)"]
[Site "Internet Chess Club"]
[Date "2021.05.15"]
[Round "4"]
[White "CHERUKURI, NITESH:Niteshc"]
[Black "LIAO, CAITLIN:che8642"]
[Result "1-0"]
[ICCResult "Black checkmated"]
[WhiteElo "1746"]
[BlackElo "1560"]
[Opening "Sicilian: Smith-Morra gambit"]
[ECO "B21"]
[NIC "SI.48"]
[Time "18:32:06"]
[PlyCount "59"]
[TimeControl "2700+10"]

1. e4 c5 2. d4 cxd4 3. c3 dxc3 4. Nxc3 Nc6 5. Nf3 e6 6. Bc4 Nge7 7. Bg5 f6
8. Be3 Ng6 9. O-O Be7 10. Qe2 a6 11. Rfd1 Qc7 12. Rac1 b5 13. Bb3 Bb7 14.
Nd4 Rc8 15. Nxc6 Bxc6 16. Nd5 Qb7 17. Nxe7 Kxe7 18. Bc5+ Kf7 19. f3 Rhd8
20. Bd6 Qa8 21. Qe3 Bb7 22. Bc7 Re8 23. Rxd7+ Re7 24. Qd2 Qa7+ 25. Kh1 Ke8
26. Rxe7+ Nxe7 27. Bxe6 Ra8 28. Qd7+ Kf8 29. Bd8 Bc6 30. Bxe7# { Black
checkmated } 1-0

[Event "ICC tourney 2564 (45 10)"]
[Site "Internet Chess Club"]
[Date "2021.05.15"]
[Round "4"]
[White "TREUSDELL, ROSS G:IveDoneEnough"]
[Black "Gong, Andrew:TheDude865"]
[Result "1-0"]
[ICCResult "Black resigns"]
[WhiteElo "1727"]
[BlackElo "1543"]
[Opening "King's gambit"]
[ECO "C30"]
[NIC "KG.05"]
[Time "18:32:06"]
[PlyCount "91"]
[TimeControl "2700+10"]

1. e4 e5 2. f4 d6 3. Nc3 exf4 4. Nf3 Nf6 5. d3 Nc6 6. Bxf4 Be7 7. d4 Bg4 8.
Bb5 O-O 9. O-O a6 10. Bxc6 bxc6 11. Qd3 Qd7 12. e5 Bf5 13. Qe2 Nd5 14. Nxd5
cxd5 15. c4 dxc4 16. Qxc4 d5 17. Qc3 Rfc8 18. Be3 Qb5 19. a4 Qb6 20. Ne1
Be4 21. Nd3 Qg6 22. Nf4 Qb6 23. Rac1 Bb4 24. Qc6 Qxc6 25. Rxc6 a5 26. Ne2
Rab8 27. Ng3 Bd3 28. Rfc1 Bc4 29. e6 Rb7 30. exf7+ Kxf7 31. Bf4 Ke7 32. Be5
Kd7 33. R6xc4 dxc4 34. Rxc4 g6 35. Ne4 Bd6 36. Bxd6 cxd6 37. Rxc8 Kxc8 38.
Nxd6+ Kc7 39. Nxb7 Kxb7 40. Kf2 Kc6 41. Ke3 Kd5 42. Kd3 g5 43. g4 h6 44. h3
Kc6 45. Kc4 Kd6 46. Kb5 { Black resigns } 1-0

[Event "ICC tourney 2564 (45 10)"]
[Site "Internet Chess Club"]
[Date "2021.05.15"]
[Round "4"]
[White "VATS, ATIKSH:avats"]
[Black "RICNESH, RAVIND G N:RickyCarlsen"]
[Result "1/2-1/2"]
[ICCResult "Game drawn by repetition"]
[WhiteElo "1576"]
[BlackElo "1700"]
[Opening "French: exchange variation"]
[ECO "C01"]
[NIC "FR.01"]
[Time "18:32:17"]
[PlyCount "99"]
[TimeControl "2700+10"]

1. e4 e6 2. d4 d5 3. exd5 exd5 4. Nf3 Nf6 5. Bf4 Bg4 6. Be2 Bd6 7. Bxd6
Qxd6 8. c3 Nbd7 9. O-O O-O 10. Nbd2 Rfe8 11. Re1 Re7 12. Nf1 Rae8 13. Ne3
Be6 14. Qc2 Nf8 15. Bd3 g6 16. Qd2 Ng4 17. Nxg4 Bxg4 18. Ne5 Bc8 19. h3 f6
20. Nf3 Rxe1+ 21. Rxe1 Rxe1+ 22. Qxe1 Qe6 23. Qxe6+ Nxe6 24. g3 Kf7 25. Kf1
Ke7 26. Ke2 Kd6 27. h4 Bd7 28. Ke3 b6 29. h5 Be8 30. hxg6 hxg6 31. Nh4 Nf8
32. f4 f5 33. Nf3 Ne6 34. Ne5 c5 35. Bc2 Ng7 36. Bd1 c4 37. Bf3 Ne6 38. Be2
g5 39. Bf1 gxf4+ 40. gxf4 Ng7 41. Bh3 Ke6 42. Bg2 Nh5 43. Bf3 Nf6 44. Kf2
Ne4+ 45. Ke3 a5 46. a3 Ng3 47. Kf2 Ne4+ 48. Ke3 Ng3 49. Kf2 Ne4+ 50. Ke3 {
Game drawn by repetition } 1/2-1/2

[Event "ICC tourney 2564 (45 10)"]
[Site "Internet Chess Club"]
[Date "2021.05.15"]
[Round "4"]
[White "XIAO, MICHAEL:michaelxiao"]
[Black "LIAO, CONNOR:che2468"]
[Result "0-1"]
[ICCResult "White resigns"]
[WhiteElo "1297"]
[BlackElo "1423"]
[Opening "Sicilian: Alapin's variation (2.c3)"]
[ECO "B22"]
[NIC "SI.46"]
[Time "18:32:36"]
[PlyCount "179"]
[TimeControl "2700+10"]

1. e4 c5 2. c3 d5 3. exd5 Qxd5 4. Nf3 Bg4 5. Be2 Nf6 6. d4 e6 7. Be3 cxd4
8. cxd4 Be7 9. Nc3 Qd6 10. h3 Bh5 11. O-O O-O 12. Rc1 Nc6 13. a3 Nd5 14.
Nxd5 Qxd5 15. Qd2 Rfd8 16. Rfd1 Bf6 17. Qe1 Qb3 18. Rc3 Qd5 19. Rc5 Qd7 20.
Rxh5 g6 21. Rc5 a6 22. Rc4 Bg7 23. Ne5 Nxe5 24. dxe5 Qe7 25. Rxd8+ Rxd8 26.
f4 b5 27. Rc6 Qd7 28. Rd6 Qe7 29. Rxd8+ Qxd8 30. Qd2 Qc8 31. Bb6 Bf8 32.
Qd8 Qc1+ 33. Bf1 Qc6 34. Bc7 Kg7 35. Bd6 Bxd6 36. Qxd6 Qc1 37. Qxa6 Qe3+
38. Kh1 Qxf4 39. Qxb5 g5 40. Qc5 Qxf1+ 41. Kh2 Qf4+ 42. Kh1 Qf1+ 43. Qg1
Qf4 44. Qe1 g4 45. hxg4 Qxg4 46. Kg1 Qd4+ 47. Kh2 Qxb2 48. a4 Qd4 49. a5
Qc4 50. Qe3 Qb5 51. Qe1 Kf8 52. Qc3 Kg7 53. Qa3 Qa6 54. Qb4 Qe2 55. Qf4 Qb5
56. Qg3+ Kf8 57. Qc3 Qe2 58. Qd4 Kg7 59. Kg3 Qe1+ 60. Qf2 Qxe5+ 61. Qf4
Qxa5 62. Kh2 Qh5+ 63. Kg1 Qf5 64. Qg3+ Qg6 65. Qe5+ Qf6 66. Qg3+ Kh6 67.
Qh3+ Kg6 68. Qg3+ Qg5 69. Qd3+ f5 70. Qd7 Qf6 71. Qe8+ Kg5 72. Qg8+ Qg6 73.
Qd8+ Kg4 74. Qd4+ f4 75. Qd1+ Kh4 76. Qf3 e5 77. Qh3+ Kg5 78. Qc3 Qe4 79.
Kh2 Qe3 80. Qc8 Qg3+ 81. Kg1 h5 82. Qg8+ Kh4 83. Qd8+ Qg5 84. Qd3 Qg3 85.
Qd8+ Kg4 86. Qg8+ Kf5 87. Qh7+ Qg6 88. Qd7+ Ke4 89. Qb7+ Ke3 90. Qb6+ {
White resigns } 0-1

[Event "ICC tourney 2564 (45 10)"]
[Site "Internet Chess Club"]
[Date "2021.05.15"]
[Round "4"]
[White "WU, JONATHAN ZUANXU:wulovechess"]
[Black "CHERUKURI, DEVESH:Deveshc"]
[Result "1/2-1/2"]
[ICCResult "Game drawn by mutual agreement"]
[WhiteElo "1586"]
[BlackElo "1517"]
[Opening "Sicilian: Alapin's variation (2.c3)"]
[ECO "B22"]
[NIC "SI.47"]
[Time "18:32:11"]
[PlyCount "120"]
[TimeControl "2700+10"]

1. e4 c5 2. c3 Nf6 3. e5 Nd5 4. d4 cxd4 5. cxd4 Nc6 6. Nf3 d6 7. Bc4 Nb6 8.
Bb3 e6 9. O-O Be7 10. Nc3 O-O 11. Re1 dxe5 12. dxe5 Bd7 13. Bf4 a6 14. Ne4
Bb4 15. Re2 Qc7 16. Rc1 Qb8 17. a3 Ba5 18. Ba2 Nd5 19. Bxd5 exd5 20. Qxd5
Be6 21. Qd1 f6 22. Nd6 Bc7 23. exf6 Rxf6 24. Bg5 Rg6 25. Rxe6 Rxe6 26. Qd5
Bxd6 27. Qxe6+ Kh8 28. Rd1 Bf8 29. Qf7 b5 30. Bf4 Qe8 31. Qxe8 Rxe8 32. Bd6
Rd8 33. Ng5 Kg8 34. Ne4 Na5 35. Rd4 Nc4 36. Bc5 Rc8 37. Bxf8 Rxf8 38. f3
Nxb2 39. Rd6 Ra8 40. Nc5 Nc4 41. Rxa6 Rxa6 42. Nxa6 Nxa3 43. Kf2 Kf7 44.
Ke3 Ke6 45. Ke4 Nc2 46. Nc5+ Kf7 47. g4 b4 48. h4 Ne1 49. f4 Ng2 50. h5 Ne1
51. g5 Ng2 52. f5 Nh4 53. h6 gxh6 54. gxh6 Kf6 55. Nd7+ Kf7 56. Ne5+ Kf6
57. Ng4+ Kf7 58. Ne5+ Kf6 59. Nd7+ Kf7 60. Nc5 Kf6 { Game drawn by mutual
agreement } 1/2-1/2

[Event "ICC tourney 2564 (45 10)"]
[Site "Internet Chess Club"]
[Date "2021.05.15"]
[Round "4"]
[White "OPASKA, MICHAEL:mopaska1106"]
[Black "THAIN, JACK:jt1819"]
[Result "1-0"]
[ICCResult "Black resigns"]
[WhiteElo "1871"]
[BlackElo "1712"]
[Opening "Nimzo-Indian: Fischer variation"]
[ECO "E43"]
[NIC "NI.12"]
[Time "18:33:02"]
[PlyCount "125"]
[TimeControl "2700+10"]

1. d4 Nf6 2. c4 e6 3. Nc3 Bb4 4. e3 b6 5. Bd3 Bb7 6. Nf3 O-O 7. O-O c5 8.
a3 Bxc3 9. bxc3 d6 10. Nd2 Nbd7 11. f4 Qe7 12. Qc2 Rfe8 13. e4 e5 14. fxe5
dxe5 15. d5 Qd6 16. Nf3 Nf8 17. Nh4 Bc8 18. Bg5 Ng6 19. Nxg6 fxg6 20. Qf2
Rf8 21. Qh4 h6 22. Bd2 g5 23. Qe1 Nh5 24. Rxf8+ Qxf8 25. g3 Bh3 26. Bf1
Bxf1 27. Qxf1 Qxf1+ 28. Rxf1 Rf8 29. Rxf8+ Kxf8 30. Kf2 Ke7 31. h3 Nf6 32.
Ke3 Ne8 33. Kd3 Nd6 34. Bc1 Kd7 35. a4 Kc7 36. g4 Kb7 37. Be3 Ka6 38. Bf2
Ka5 39. Bg3 Nf7 40. d6 Kxa4 41. d7 Kb3 42. Kd2 Kb2 43. Bxe5 a5 44. Bc7 a4
45. e5 a3 46. e6 a2 47. exf7 a1=Q 48. f8=Q Qc1+ 49. Kd3 Qxc3+ 50. Ke4 Qd4+
51. Kf3 Qxd7 52. Be5+ Kb3 53. Ke4 Qc6+ 54. Ke3 Qg2 55. Qf3 Qxf3+ 56. Kxf3
Kxc4 57. Bxg7 b5 58. Bxh6 b4 59. Bxg5 Kd5 60. Bf6 c4 61. Ke3 c3 62. Kd3 Ke6
63. Bxc3 { Black resigns } 1-0

[Event "ICC tourney 2564 (45 10)"]
[Site "Internet Chess Club"]
[Date "2021.05.15"]
[Round "4"]
[White "MISRA, PRAGYAN:SoaringHawk24"]
[Black "AYYAPPAN, SANTHOSH:SanthoshA"]
[Result "1/2-1/2"]
[ICCResult "Game drawn by mutual agreement"]
[WhiteElo "1515"]
[BlackElo "1652"]
[Opening "Giuoco Piano: Greco variation"]
[ECO "C54"]
[NIC "IG.02"]
[Time "18:32:14"]
[PlyCount "168"]
[TimeControl "2700+10"]

1. e4 e5 2. Nf3 Nc6 3. Bc4 Bc5 4. c3 Nf6 5. d4 exd4 6. cxd4 Bb4+ 7. Nc3
Nxe4 8. O-O Nxc3 9. bxc3 Be7 10. Ne5 Nxe5 11. dxe5 O-O 12. Qf3 c6 13. Qg3
Kh8 14. Bd3 d5 15. Bc2 Bd7 16. Qd3 g6 17. Bh6 Re8 18. Rfe1 Bf5 19. Qe2 Bxc2
20. Qxc2 Bg5 21. Bxg5 Qxg5 22. Qb2 Rxe5 23. Qxb7 Rae8 24. Rf1 Qe7 25. Qxc6
Qe6 26. Qxe6 fxe6 27. Rab1 Re2 28. a4 Ra2 29. Rb4 Rc8 30. h3 a5 31. Rb6
Rxc3 32. Rxe6 Rxa4 33. Rd1 d4 34. Rd6 Rcc4 35. Rd7 d3 36. R1xd3 Rh4 37.
R3d5 Rhf4 38. R5d6 Ra1+ 39. Kh2 Rxf2 40. Ra6 Kg8 41. Ra8+ Rf8 42. Raa7 Rf2
43. Rg7+ Kf8 44. Rxh7 Kg8 45. Rhg7+ Kf8 46. Rxg6 a4 47. Rb6 Kg8 48. Rb8+
Rf8 49. Rxf8+ Kxf8 50. h4 a3 51. h5 Kg8 52. h6 Ra2 53. Kh3 Ra1 54. g4 Rh1+
55. Kg2 Rxh6 56. Rxa3 Rg6 57. Kg3 Kh7 58. Kh4 Kh6 59. Ra7 Rb6 60. Rc7 Kg6
61. Rd7 Kh6 62. Rd8 Rc6 63. g5+ Kg6 64. Rg8+ Kh7 65. Ra8 Kg6 66. Ra5 Rc4+
67. Kg3 Rc3+ 68. Kf2 Rc2+ 69. Ke3 Rc3+ 70. Ke4 Rc4+ 71. Kd3 Rg4 72. Ra6+
Kxg5 73. Ra5+ Kh6 74. Ra6+ Rg6 75. Ra5 Rg5 76. Ra4 Rg3+ 77. Ke2 Rg2+ 78.
Kf1 Rb2 79. Ra6+ Kg5 80. Ra5+ Kf4 81. Ra4+ Ke3 82. Ra3+ Kd4 83. Ra4+ Kc5
84. Ra5+ Kb4 { Game drawn by mutual agreement } 1/2-1/2

[Event "ICC tourney 2564 (45 10)"]
[Site "Internet Chess Club"]
[Date "2021.05.15"]
[Round "4"]
[White "LANCMAN, KALEB M:kaleblancman"]
[Black "LIU, ETHAN:soggydollar"]
[Result "1-0"]
[ICCResult "Black resigns"]
[WhiteElo "1836"]
[BlackElo "1800"]
[Opening "Dutch"]
[ECO "A80"]
[NIC "HD.12"]
[Time "18:32:08"]
[PlyCount "63"]
[TimeControl "2700+10"]

1. d4 f5 2. Bf4 Nf6 3. e3 e6 4. Nf3 Be7 5. Bd3 b6 6. c4 Bb7 7. Nc3 O-O 8.
O-O d6 9. Qe2 Nh5 10. Rfe1 Nd7 11. Ng5 Bxg5 12. Qxh5 Bf6 13. Bg3 g6 14. Qe2
e5 15. dxe5 dxe5 16. Rad1 f4 17. exf4 exf4 18. Bxf4 Bxc3 19. Qe6+ Kg7 20.
Bxg6 Nc5 21. Qg4 Qf6 22. Bxh7+ Kxh7 23. bxc3 Qxf4 24. Re7+ Kh6 25. Qg7+ Kh5
26. Re5+ Rf5 27. Qh7+ Kg5 28. Qg7+ Kh5 29. Qf7+ Kg5 30. h4+ Kg4 31. Qg6+
Kxh4 32. g3+ { Black resigns } 1-0

[Event "ICC tourney 2564 (45 10)"]
[Site "Internet Chess Club"]
[Date "2021.05.15"]
[Round "4"]
[White "HALL, ISABELLA ANN:isabellahall"]
[Black "THOMAS, MICHAEL G:chesslin"]
[Result "1-0"]
[ICCResult "Black resigns"]
[WhiteElo "1528"]
[BlackElo "1739"]
[Opening "Pirc: classical (two knights) system"]
[ECO "B06"]
[NIC "PU.10"]
[Time "18:32:16"]
[PlyCount "101"]
[TimeControl "2700+10"]

1. e4 g6 2. d4 Bg7 3. Nf3 d6 4. Nc3 Nf6 5. Bc4 O-O 6. O-O Bg4 7. h3 Bxf3 8.
Qxf3 Nc6 9. Be3 e5 10. Rad1 Nd7 11. d5 Nd4 12. Bxd4 exd4 13. Ne2 Ne5 14.
Qb3 c5 15. dxc6 bxc6 16. Nxd4 Rb8 17. Qa4 Qb6 18. Nb3 Rfd8 19. c3 a5 20.
Be2 Ra8 21. Rd2 c5 22. Rfd1 Bh6 23. Rc2 g5 24. Nd2 Qb7 25. Nf3 Qe7 26. Nxe5
dxe5 27. Rcd2 Rxd2 28. Rxd2 Ra7 29. Bg4 Bf8 30. Kf1 Qf6 31. Bf5 Qa6+ 32.
Ke1 c4 33. Rd7 Ra8 34. Rd5 Qb6 35. Qb5 Rb8 36. Qxb6 Rxb6 37. Rd2 a4 38. a3
h5 39. Kd1 Bh6 40. Kc2 Bf8 41. Rd5 f6 42. Ra5 Rd6 43. Rxa4 Bh6 44. g4 Rd3
45. gxh5 g4 46. Rxc4 Rd2+ 47. Kb3 Rxf2 48. hxg4 Bc1 49. Ka4 Rxb2 50. Rb4
Ra2 51. Be6+ { Black resigns } 1-0

[Event "ICC tourney 2564 (45 10)"]
[Site "Internet Chess Club"]
[Date "2021.05.15"]
[Round "4"]
[White "GONG, JONATHAN YICHENG:Theutltl"]
[Black "DINESH, ABINAV:abi2009"]
[Result "0-1"]
[ICCResult "White resigns"]
[WhiteElo "1562"]
[BlackElo "1660"]
[Opening "Giuoco Piano"]
[ECO "C54"]
[NIC "IG.02"]
[Time "18:32:10"]
[PlyCount "94"]
[TimeControl "2700+10"]

1. e4 e5 2. Nf3 Nc6 3. Bc4 Bc5 4. c3 Nf6 5. d3 d6 6. b4 Bb6 7. a4 a5 8. b5
Ne7 9. O-O O-O 10. h3 Ng6 11. Na3 c6 12. Be3 d5 13. exd5 cxd5 14. Bb3 Be6
15. Bxb6 Qxb6 16. Re1 e4 17. Nd4 Nf4 18. Nxe6 fxe6 19. d4 Nd3 20. Re2 Rac8
21. Qd2 Rc7 22. Ra2 Rfc8 23. Nb1 Qd6 24. g3 e5 25. dxe5 Nxe5 26. Kg2 Nf3
27. Qe3 Kh8 28. Rac2 Qe5 29. Na3 Rxc3 30. Rxc3 Rxc3 31. Qb6 Rxb3 32. Nc2
Rb2 33. Qxb7 Rxc2 34. Rxc2 Ne1+ 35. Kf1 Nxc2 36. Qc8+ Qe8 37. Qxc2 h6 38.
b6 Qd7 39. Kg2 d4 40. Qb3 Qb7 41. Kf1 Nd7 42. Qf7 Qc8 43. b7 Qxb7 44. Qe8+
Kh7 45. h4 d3 46. h5 Qc6 47. Qf7 Nf6 { White resigns } 0-1

[Event "ICC tourney 2564 (45 10)"]
[Site "Internet Chess Club"]
[Date "2021.05.15"]
[Round "4"]
[White "ZILBERMINTZ, LEV:chessrex"]
[Black "PREGON, JOSEPH JEFFERY:Fischeresque930"]
[Result "1/2-1/2"]
[ICCResult "Game drawn by mutual agreement"]
[WhiteElo "1855"]
[BlackElo "1785"]
[Opening "Blackmar gambit"]
[ECO "D00"]
[NIC "QP.08"]
[Time "18:32:13"]
[PlyCount "141"]
[TimeControl "2700+10"]

1. d4 d5 2. e4 dxe4 3. Nc3 Nf6 4. f3 e3 5. Bxe3 Bf5 6. g4 Bg6 7. Nge2 h6 8.
Nf4 Bh7 9. h4 e6 10. g5 Nd5 11. Ncxd5 exd5 12. g6 Bxg6 13. Nxg6 fxg6 14.
Qd3 Qf6 15. O-O-O Nd7 16. Kb1 O-O-O 17. Bg5 hxg5 18. hxg5 Qxg5 19. Rxh8 Kb8
20. Bh3 Nf6 21. Be6 Nh5 22. Bg4 Nf4 23. Qe3 a6 24. Qe5 Qf6 25. Re1 b6 26.
Bd7 Kb7 27. Qxf6 gxf6 28. Be8 Bd6 29. Bc6+ Kxc6 30. Rxd8 a5 31. Rg8 a4 32.
Rg1 g5 33. Rg4 Kb5 34. Rxf4 gxf4 35. Rg6 Kc4 36. Rxf6 Kxd4 37. Rf5 Ke3 38.
Rxd5 Kxf3 39. Kc1 Ke2 40. Rd2+ Ke1 41. Rd1+ Kf2 42. Rd2+ Kf1 43. Rd1+ Kg2
44. Rd2+ Kf1 45. Kd1 f3 46. Rd5 f2 47. Rf5 Bg3 48. Rf3 Bd6 49. Rf5 Bg3 50.
Rf7 Bd6 51. Kd2 Bb4+ 52. c3 Bd6 53. Kd1 Be5 54. Rf5 Bg3 55. Kd2 Bd6 56. b4
axb3 57. axb3 Bg3 58. Rf8 Bd6 59. Rf7 Be5 60. Rf8 Bd6 61. Rf7 Be5 62. Rf5
Bd6 63. b4 Bg3 64. Kd1 Bd6 65. Rf7 Be5 66. c4 Bd6 67. c5 bxc5 68. bxc5 Bxc5
69. Rxc7 Bb4 70. Rf7 Be1 71. Rf5 { Game drawn by mutual agreement } 1/2-1/2

[Event "ICC tourney 2564 (45 10)"]
[Site "Internet Chess Club"]
[Date "2021.05.15"]
[Round "4"]
[White "RODENSTEIN, ALAN:arconsul2"]
[Black "NGUYEN, THOMAS:tn285"]
[Result "1/2-1/2"]
[ICCResult "Game drawn by repetition"]
[WhiteElo "1674"]
[BlackElo "1581"]
[Opening "English: Mikenas-Carls variation"]
[ECO "A18"]
[NIC "EO.64"]
[Time "18:32:13"]
[PlyCount "108"]
[TimeControl "2700+10"]

1. c4 e6 2. Nc3 Nf6 3. e4 e5 4. g3 Bc5 5. Nge2 d6 6. Bg2 O-O 7. d3 Nc6 8.
a3 a6 9. b4 Ba7 10. Bb2 Be6 11. O-O Nd4 12. Nxd4 Bxd4 13. Qd2 c6 14. Ne2
Bxb2 15. Qxb2 Qb8 16. Rac1 d5 17. exd5 cxd5 18. c5 Bd7 19. d4 e4 20. Nc3
Re8 21. Rfe1 Bc6 22. a4 Qc7 23. b5 axb5 24. axb5 Bd7 25. b6 Qc6 26. Bf1 Ra5
27. Ra1 Rea8 28. Rxa5 Rxa5 29. Qb4 Ra8 30. Rb1 Qc8 31. Qb3 Bc6 32. Nb5 Qd7
33. Na7 Ne8 34. Bb5 Bxb5 35. Nxb5 Ra5 36. Kg2 g6 37. Nc7 Nf6 38. Qb2 Ne8
39. Nxe8 Qxe8 40. Ra1 Ra4 41. Rc1 Qc6 42. Ra1 Kg7 43. Rxa4 Qxa4 44. Qc3 Qa2
45. c6 bxc6 46. b7 Qb1 47. Qxc6 Qb3 48. f4 Qf3+ 49. Kh3 Qf1+ 50. Kh4 Qe2
51. Kh3 Qf1+ 52. Kh4 Qe2 53. Kh3 Qf1+ 54. Kh4 Qe2 { Game drawn by
repetition } 1/2-1/2

[Event "ICC tourney 2564 (45 10)"]
[Site "Internet Chess Club"]
[Date "2021.05.15"]
[Round "4"]
[White "SRIRAM, SHRAVAN:chickenlord999"]
[Black "Vieira, Daniel:danthedestroyer"]
[Result "0-1"]
[ICCResult "White checkmated"]
[WhiteElo "1522"]
[BlackElo "1635"]
[Opening "Dutch with c4 & Nc3"]
[ECO "A85"]
[NIC "HD.05"]
[Time "18:32:11"]
[PlyCount "104"]
[TimeControl "2700+10"]

1. d4 f5 2. c4 Nf6 3. Nc3 g6 4. Bg5 Bg7 5. e3 O-O 6. Nf3 d6 7. Be2 Qe8 8.
Qb3 e5 9. O-O e4 10. Nd2 c6 11. c5+ d5 12. f3 exf3 13. Nxf3 h6 14. Bf4 g5
15. Be5 Ng4 16. Bxg7 Qxe3+ 17. Kh1 Kxg7 18. g3 Qe8 19. Rae1 Nd7 20. Bd3 Qh5
21. Qc2 Ndf6 22. Re7+ Rf7 23. Rfe1 Ne4 24. Rxf7+ Kxf7 25. Bxe4 fxe4 26.
Ne5+ Nxe5 27. dxe5 Bg4 28. Rf1+ Bf3+ 29. Kg1 g4 30. Qd2 Re8 31. Qf4+ Kg7
32. Qf6+ Kh7 33. e6 Qg6 34. Qd4 Qxe6 35. Qe3 Qe5 36. Ne2 Qxb2 37. Qf4 Qg7
38. Qf5+ Kh8 39. Nf4 Rg8 40. Ne6 Qg6 41. Qe5+ Kh7 42. Qd6 e3 43. Nf8+ Rxf8
44. Qxf8 d4 45. Qe7+ Qg7 46. Qxg7+ Kxg7 47. Rd1 Bxd1 48. Kg2 d3 49. a4 e2
50. Kf2 d2 51. a5 e1=Q+ 52. Kg2 Bf3# { White checkmated } 0-1